Match 25395584
Unlisted

Match 25395584
End
Vickers Machine Gun Team
Construct Section Command Post
Infantry Section
Infantry Section
ML 3-inch Mortar Team
Construct Platoon Command Post
Humber Armored Car
Selects Indian Artillery Battlegroup
Selects Valour
CMP 15cwt Truck
Humber Armored Car
6-pounder Anti-tank Gun Team
Selects Gurkha Rifles Section
Construct Company Command Post
Selects Volunteer Infantry
Matilda II Heavy Tank
Gurkha Rifles Section
Matilda II Heavy Tank
Selects Towed ML 4.2-inch Heavy Mortar
Selects Off-map Airburst Barrage
Matilda II Heavy Tank
TidaL
Nuke Daddy
littleboots10
かこ
369
KZ Xineb
0
0

Comments sign in to comment!

No comments posted yet!